 Dungeon Crawl Stone Soup version 0.18-a0-27-g1f73fa3 (webtiles) character file.

161 Ordine the Chopper (level 5, -1/46 HPs)
             Began as a Hill Orc Gladiator on Nov 4, 2015.
             Slain by an orc priest
             ... wielding a +0 war axe
              (11 damage)
             ... on level 3 of the Dungeon.
             The game lasted 00:04:43 (2041 turns).

Ordine the Chopper (Hill Orc Gladiator)             Turns: 2041, Time: 00:04:43

Health: -1/46      AC:  9    Str: 19    XL:     5   Next: 42%
Magic:  5/5        EV: 11    Int:  8    God:
Gold:   67         SH:  0    Dex: 11    Spells: 0 memorised, 4 levels left

rFire  . . .     SeeInvis .     a - +0 war axe
rCold  . . .     Clarity  .     i - +2 ring mail {rPois}
rNeg   . . .     SustAt   .     (no shield)
rPois  +         Gourm    .     c - +1 helmet
rElec  .         Spirit   .     (no cloak)
rCorr  .         Warding  .     (no gloves)
rMut   .         Stasis   .     (no boots)
MR     .....                    (no amulet)
Stlth  +.........               (no ring)
                                (no ring)

@: very slightly contaminated, not resistant to hostile enchantments, very
unstealthy
A: no striking features
a: Convert to Beogh


You were on level 3 of the Dungeon.
You were not hungry.

You visited 1 branch of the dungeon, and saw 3 of its levels.

You collected 67 gold pieces.

Inventory:

Hand Weapons
 a - a +0 war axe (weapon)
Missiles
 d - 3 throwing nets (quivered)
Armour
 c - a +1 helmet (worn)
 i - a +2 ring mail of poison resistance (worn)
Jewellery
 n - an uncursed ring of magical power {unknown}
Wands
 h - a wand of invisibility (0)
Potions
 b - 2 potions of flight {unknown}
 l - a potion of poison {unknown}
 m - a potion of curing {unknown}
Comestibles
 e - 2 bread rations
 f - 2 fruits
 g - a meat ration
 j - a beef jerky
 k - 2 chunks of flesh


   Skills:
 + Level 3.9 Fighting
 * Level 6.8 Axes
 - Level 2.0 Throwing
 - Level 2.4 Dodging


You had 4 spell levels left.
You didn't know any spells.

Dungeon Overview and Level Annotations

Branches:
Dungeon (3/15)

Altars:
Gozag


Message History

The orc priest invokes the aid of Beogh against you.
Something smites you!
Items here: ( ))) [ †† The orc priest closely misses you.
Things that are here:
2 stones; an orc corpse You hit the orc priest.
The orc priest is lightly wounded.
The orc priest invokes the aid of Beogh against you.
Something smites you!
You hit the orc priest.
The orc priest is lightly wounded.
The orc priest hits you with a war axe.
* * * LOW HITPOINT WARNING * * *
You are too injured to fight recklessly!
You are too injured to fight recklessly!
You slash the orc priest!
The orc priest is almost dead.
The orc priest hits you with a war axe!
You die...

#.##........# #
#.#####..# #.##
#.##.#####..#
...##
#.............
#....
#####.########.
#(..... #.#
#...#... ##.##
....... #>..##
##o..#
#.###.#######@#
... #......#)##
###.###.####...#
#...........#
############.#
#.. ###


You could see an orc priest.

Vanquished Creatures
  An orc priest (D:3)
  Terence (D:2)
  5 adders (D:2)
  An ooze (D:2)
  A worm (D:3)
  An orc (D:3)
  3 giant cockroaches
  7 goblins
  5 hobgoblins
  10 kobolds
  A quokka (D:3)
  A ball python (D:2)
  6 bats
  3 giant geckos
  2 giant newts
  2 rats
50 creatures vanquished.

Vanquished Creatures (others)
  An orc (D:3)
1 creature vanquished.

Grand Total: 51 creatures vanquished

Notes
Turn   | Place    | Note
--------------------------------------------------------------
     0 | D:1      | Ordine the Hill Orc Gladiator began the quest for the Orb.
     0 | D:1      | Reached XP level 1. HP: 18/18 MP: 1/1
   113 | D:1      | Reached XP level 2. HP: 16/25 MP: 2/2
   764 | D:1      | Reached XP level 3. HP: 31/31 MP: 3/3
   882 | D:2      | Reached skill level 5 in Axes
  1216 | D:2      | Reached XP level 4. HP: 29/38 MP: 4/4
  1442 | D:2      | Noticed Terence
  1451 | D:2      | Killed Terence
  1451 | D:2      | Reached skill level 6 in Axes
  1664 | D:2      | Reached XP level 5. HP: 40/46 MP: 5/5
  1971 | D:3      | Found an opulent altar of Gozag.
  2041 | D:3      | Slain by an orc priest

Vault maps used:
D:1:      minmay_arrival_checkered_box
D:2:      serial_bayou_ford_a, glass_columns_b, serial_park_tiny_1, uniq_terence
D:3:      kennysheep_goblin_castle, nicolae_overflow_hidden_temple,
          serial_glass, glass_columns_a, glass_columns_b

Action                   |  1- 3 |  4- 6 || total
-------------------------+-------+-------++-------
Melee: War axe           |    98 |    69 ||   167
Evoke: Wand              |       |     1 ||     1
  Use: Scroll            |     3 |     1 ||     4
       Potion            |       |     1 ||     1
 Stab: Invisible         |       |     3 ||     3
  Eat: Chunk             |     1 |     3 ||     4
